 Dungeon Crawl Stone Soup version 0.28.0-43-g3370ac3207 (webtiles) character file.

Game seed: 15153975198775489614

53 styxcanada the Sneak (level 3, -6/18 HPs)
             Began as a Spriggan Brigand on Mar 28, 2022.
             Killed from afar by an orc wizard (11 damage)
             ... with a magic dart
             ... on level 3 of the Dungeon.
             The game lasted 00:06:29 (2734 turns).

styxcanada the Sneak (Spriggan Brigand)             Turns: 2734, Time: 00:06:30

Health: -6/18      AC:  3    Str:  7    XL:     3   Next: 62%
Magic:  4/4        EV: 17    Int: 12    God:
Gold:   75         SH:  0    Dex: 18    Spells: 2/2 levels left

rFire   . . .      SeeInvis +   a - +2 dagger
rCold   . . .      Faith    .   (no shield)
rNeg    . . .      Spirit   .   b - +0 robe
rPois   .          Reflect  .   (helmet restricted)
rElec   .          Harm     .   c - +0 cloak
rCorr   .          Rampage  .   (gloves unavailable)
Will    .....                   (boots unavailable)
Stlth   ++++......              (no amulet)
HPRegen 0.06/turn               (no ring)
MPRegen 0.09/turn               (no ring)

@: very quick
A: very small, no large weapons, unfitting armour, see invisible, speed 3
a: no special abilities


You were on level 3 of the Dungeon.
You visited 1 branch of the dungeon, and saw 3 of its levels.

You collected 75 gold pieces.

Inventory:

Hand Weapons
 a - a +2 dagger (weapon)
Missiles
 e - a curare-tipped dart (quivered)
 g - 8 sling bullets
 k - 65 stones
Armour
 b - a +0 robe (worn)
 c - a +0 cloak (worn)
Scrolls
 h - a scroll of fear {unknown}
 j - a scroll of immolation {unknown}
Potions
 f - a potion of lignification {unknown}
 l - a potion of ambrosia {unknown}
 m - a potion of haste {unknown}
 n - a potion of flight {unknown}


   Skills:
 * Level 1.8 Fighting
 + Level 2.4 Short Blades
 + Level 2.1 Throwing
 * Level 1.8 Dodging
 * Level 7.5 Stealth


You had 2 spell levels left.
You didn't know any spells.
Your spell library was empty.

Dungeon Overview and Level Annotations

Branches:
Dungeon (3/15)

Altars:
Sif Muna


Innate Abilities, Weirdness & Mutations

You are very small and have problems with some larger weapons.
You are too small for most types of armour.
You have supernaturally acute eyesight. (SInv)
You cover ground extremely quickly. (Speed+++)


Message History

The kobold misses you.
You closely miss the kobold.
The kobold is severely wounded.
The kobold closely misses you.
You hit the kobold.
You kill the kobold!
The orc closely misses you.
Things that are here:
a +0 short sword; a kobold corpse You kill the orc!
You see here a poisoned dart.
d - a poisoned dart Throw: dart (poison)
Press: ? - help, Q - select action, (/) - cycle Shift-Dir - straight line, f - orc
Aim: an orc, wielding a +0 hand axe and wearing a +0 leather armour (62% to hit)
You throw a poisoned dart. The poisoned dart hits the orc.
The orc is poisoned.
The orc looks more healthy.
A frilled lizard comes into view.
The helpless frilled lizard fails to defend itself.
You spit the frilled lizard like a pig!!!
You kill the frilled lizard!
You see here a frilled lizard corpse.
You start resting.
An orc is nearby!
You see here a frilled lizard corpse.
The orc hits you but does no damage.
The orc wizard shouts!
You hit the orc.
The orc is severely wounded.
You hit the orc.
The orc is almost dead.
The orc barely misses you.
The orc wizard casts a spell.
The orc wizard flickers and vanishes for a moment.
You hit the orc.
You kill the orc!
The orc wizard casts a spell at you. The magic dart hits you!
Ouch! That really hurt!
You die...

##### #...# ♣.♣.#
#.#.# ♣.♣.#
#.#.###########
###♣.♣......o..).#
#.##.####.######@#
...♣.♣....# #†♣
#......#### #.♣
#.o#.### #♣♣
#.##.# #.##.#
o.##.####
........#######♣
..##.##....<...♣


You could see an orc wizard (invisible).

Vanquished Creatures
  An adder (D:2)
  A dart slug (D:2)
  5 orcs (D:3)
  3 endoplasms
  4 goblins
  4 hobgoblins
  A quokka (D:1)
  3 ball pythons
  5 bats
  6 frilled lizards
  4 kobolds
  4 rats (D:2)
41 creatures vanquished.

Notes
Turn   | Place    | Note
-------+----------+-------------------------------------------
     0 | D:1      | styxcanada the Spriggan Brigand began the quest for the
                  | Orb.
     0 | D:1      | Reached XP level 1. HP: 10/10 MP: 2/2
    85 | D:1      | Reached skill level 6 in Stealth
   511 | D:1      | Found a faded altar of an unknown god.
   521 | D:1      | Reached XP level 2. HP: 8/14 MP: 3/3
  1360 | D:2      | Found a shimmering blue altar of Sif Muna.
  1387 | D:2      | Reached skill level 7 in Stealth
  1387 | D:2      | Reached XP level 3. HP: 3/18 MP: 4/4
  2734 | D:3      | Killed from afar by an orc wizard

Illustrated notes

Levels and vault maps discovered:
D:1:      wander_arrival_peaceful_grave, layout_loops_ring,
          hellmonk_ecumenical_altar_crossroads
D:2:      layout_basic, basic_altar
D:3:      layout_loops_ring, serial_forest, infiniplex_forest_end_2,
          infiniplex_forest_end_3, infiniplex_forest_lined_2,
          infiniplex_forest_corner_2, infiniplex_forest_end_3,
          infiniplex_forest_lined_2, infiniplex_forest_lined_1,
          minmay_statues_item, ebering_dispersal_statue_hall, fountainhead,
          uniq_natasha, uniq_terence

Skill      XL: |  1  2 |
---------------+-------+-----
Stealth        | 6 7 |  7.5
Fighting       | |  1.8
Short Blades   | |  2.4
Throwing       | |  2.1
Dodging        | |  1.8

Action                   || total
-------------------------++-------
Melee: Dagger            ||    94
       Punch             ||     2
Throw: Dart              ||    15
  Use: Scroll            ||     2
 Stab: Sleeping          ||    13
Armor: Robe              ||    15
Dodge: Dodged            ||    54
